 Dungeon Crawl Stone Soup version 0.30-a0-802-gb92711bcdf (webtiles) character file.

Game seed: 9416749641035684578

32105 KennySheep the Epochal (level 13, -5/152 HPs)
             Began as an Armataur Brigand on Feb 24, 2023.
             Was an Elder of Cheibriados.
             Slain by a skyshark (9 damage)
             ... on level 2 of the Lair of Beasts.
             The game lasted 01:11:21 (17489 turns).

KennySheep the Epochal (Armataur Brigand)          Turns: 17489, Time: 01:11:21

Health: -5/152     AC:  9    Str: 22 (27) XL:     13   Next: 29%
Magic:  19/22      EV:  9    Int: 15 (21) God:    Cheibriados [****..]
Gold:   1115       SH: 12    Dex: 21 (24) Spells: 12/12 levels left

rFire   + . .      SeeInvis .    b - +3 double sword (venom)
rCold   . . .      Faith    .    z - +0 buckler
rNeg    . . .      Spirit   .    T - +0 troll leather armour
rPois   +          Reflect  +    (no helmet)
rElec   .          Harm     .    F - +2 cloak
rCorr   .          Roll     +    h - +0 pair of gloves
Will    +....      Clarity  +    (no barding)
Stlth   +++++                    U - amulet of reflection
HPRegen 1.25/turn                D - ring of Amelioration {rPois rF+}
MPRegen 0.18/turn                X - ring of willpower

@: unable to read, very slow
A: large, rugged brown scales 3, deformed body, armoured tail, roll, long
tongue, awkward tongue, clarity, robust 3, inability to read after injury 1,
noise suppression
a: Renounce Religion, Bend Time, Temporal Distortion, Slouch


You were on level 2 of the Lair of Beasts.
You worshipped Cheibriados.
Cheibriados was greatly pleased with you.
You visited 3 branches of the dungeon, and saw 15 of its levels.
You also visited: Sewer.

You collected 1339 gold pieces.
You spent 224 gold pieces at shops.

Inventory:

Hand Weapons
 a - a +1 dagger of venom
 b - a +3 double sword of venom (weapon)
 f - a +2 short sword of flaming
 O - the +8 trishula "Condemnation" {holy, anguish, *Noise Fly rN+}
   (You found it on level 9 of the Dungeon)

   rN:        It protects you from negative energy.
   Fly:       It grants you flight.
   *Noise:    It may make noises in combat.
Missiles
 d - 36 poisoned darts (quivered)
 e - 9 curare-tipped darts
 B - a throwing net
Armour
 c - a +1 cloak
 g - a +0 robe
 h - a +0 pair of gloves (worn)
 z - a +0 buckler (worn)
 F - a +2 cloak (worn)
 T - a +0 troll leather armour (worn)
Jewellery
 u - a ring of resist corrosion
 D - the ring of Amelioration (left hand) {rPois rF+}
   (You found it in a sewer)

   [ring of poison resistance]

   rF:        It protects you from fire.
   rPois:     It protects you from poison.
 G - the ring "Cidduete" {Fire rElec Str+5 Int-5 Dex+3}
   (You found it on level 7 of the Dungeon)

   [ring of fire]

   It enhances your fire magic.
   Str:       It affects your strength (+5).
   Int:       It affects your intelligence (-5).
   Dex:       It affects your dexterity (+3).
   rF:        It protects you from fire.
   rC:        It makes you vulnerable to cold.
   rElec:     It insulates you from electricity.
 J - a +6 ring of strength
 P - a +6 ring of strength
 U - an amulet of reflection (around neck)
 X - a ring of willpower (right hand)
Wands
 l - a wand of digging (4)
 K - a wand of polymorph (11)
 N - a wand of mindburst (15)
 W - a wand of iceblast (5)
 Y - a wand of quicksilver (5)
Scrolls
 k - 4 scrolls of magic mapping
 n - 4 scrolls of noise
 o - 3 scrolls of silence
 p - 2 scrolls of fog
 x - 6 scrolls of fear
 y - 2 scrolls of butterflies
 C - a scroll of teleportation
 E - 3 scrolls of blinking
 H - a scroll of enchant armour
 I - 4 scrolls of identify
 R - 2 scrolls of poison
 S - 2 scrolls of immolation
Potions
 i - a potion of cancellation {unknown}
 j - 2 potions of resistance {unknown}
 m - 3 potions of mutation
 q - 3 potions of curing
 r - 2 potions of flight
 s - 2 potions of degeneration
 t - 2 potions of might
 v - 3 potions of lignification
 A - a potion of berserk rage
 M - a potion of haste
 V - a potion of attraction {unknown}
Miscellaneous
 w - a condenser vane
 Q - a phial of floods


   Skills:
 + Level 9.1 Fighting
 - Level 9.9(10.0) Short Blades
 * Level 1.7(6.5) Long Blades
 - Level 1.7 Throwing
 - Level 0.6 Dodging
 + Level 12.3 Stealth
 + Level 9.3 Shields
 + Level 12.6 Invocations
 + Level 0.7 Evocations


You had 12 spell levels left.
You didn't know any spells.
Your spell library contained the following spells:

 Spells                   Type           Power      Damage    Failure   Level
 Sting                    Tmut/Pois      0%         1d3       36%         1
 Poisonous Vapours        Pois/Air       0%         N/A       50%         2
 Sublimation of Blood     Necr           0%         N/A       50%         2
 Call Canine Familiar     Summ           0%         N/A       73%         3
 Animate Armour           Summ/Erth      0%         N/A       98%         4
 Olgreb's Toxic Radiance  Pois           0%         N/A       98%         4
 Petrify                  Tmut/Erth      0%         N/A       98%         4
 Alistair's Intoxication  Tmut/Pois      0%         N/A       100%        5
 Blade Hands              Tmut           0%         N/A       100%        5
 Borgnjor's Vile Clutch   Necr/Erth      0%         N/A       100%        5
 Irradiate                Conj/Tmut      0%         3d11      100%        5
 Yara's Violent Unravell  Hex/Tmut       0%         3d3       100%        5
 Eringya's Noxious Bog    Tmut/Pois      0%         N/A       100%        6
 Iron Shot                Conj/Erth      0%         9d1       100%        6
 Enfeeble                 Hex            0%         N/A       100%        7
 Haunt                    Necr/Summ      0%         N/A       100%        7
 Monstrous Menagerie      Summ           0%         N/A       100%        7
 Ozocubu's Refrigeration  Ice            0%         4d7       100%        7
 Ignition                 Fire           0%         3d3       100%        8


Dungeon Overview and Level Annotations

Branches:
Dungeon (11/15)            Temple (0/1) D:7            Lair (2/5) D:9
    Orc (2/2) D:11            Elf (0/3) Orc:2         Sewer (visited)
  Swamp: Lair:2-3    Shoals: Lair:2-3     Snake: Lair:2-3    Spider: Lair:2-3

Altars:
Cheibriados
Elyvilon
Makhleb
Nemelex Xobeh
Sif Muna
Trog
Uskayaw
Wu Jian
Xom
The Shining One

Shops:
D:6 :   D:7 !

Annotations:
D:2 1 runed translucent door, Crazy Yiuf
D:10 5 transporters


Innate Abilities, Weirdness & Mutations

You are completely covered in rugged brown scales. (AC +3, +7% HP)
Armour fits poorly on your strangely shaped body.
You have a long armoured tail.
You roll when moving toward enemies. (Rampage)
Your long tongue fully drains potion bottles. (2x potion effects)
Your tongue gives you trouble enunciating. (1.5x scroll delay)
You possess an exceptional clarity of mind.
You are extremely robust. (+30% HP)
You occasionally lose the ability to read scrolls when taking damage.
You passively dampen the noise of your surroundings.


Message History

The skyshark bites you!!
You feel threatened and lose the ability to read scrolls!
* * * LOW HITPOINT WARNING * * *
The skyshark barely misses you. The skyshark closely misses you.
You block the skyshark's attack. The skyshark barely misses you.
The skyshark tail-slaps you.
* * * LOW HITPOINT WARNING * * *
You slash the skyshark!
The skyshark looks as sick as possible!
You tail-slap the skyshark.
The skyshark is severely wounded.
You block the skyshark's attack. x3
The skyshark bites you but does no damage.
The skyshark tail-slaps you but does no damage. x2
You slash the skyshark!
The skyshark looks as sick as possible!
Your tail-slap misses the skyshark.
The skyshark is almost dead.
The skyshark barely misses you. The skyshark tail-slaps you!
* * * LOW HITPOINT WARNING * * *
The skyshark misses you. You block the skyshark's attack. x3
The flow of time bends around you.
Cheibriados rebukes the skyshark.
The skyshark seems to slow down.
You block the skyshark's attack.
The skyshark tail-slaps you but does no damage.
The skyshark tail-slaps you!
* * * LOW HITPOINT WARNING * * *
You slash the skyshark!
The skyshark looks as sick as possible!
The skyshark is almost dead.
The skyshark bites you!!
* * * LOW HITPOINT WARNING * * *
You block the skyshark's attack. x2
Okay, then.
You hit the skyshark.
The skyshark looks as sick as possible!
The skyshark is almost dead.
You block the skyshark's attack. The skyshark tail-slaps you.
* * * LOW HITPOINT WARNING * * *
The skyshark completely misses you.
You barely miss the skyshark.
The skyshark is almost dead.
The skyshark barely misses you. The skyshark tail-slaps you!
You die...

##.. P$.P ...... #..#
#......P
#..#######......#
#...##.##......#
#..............#
#..............#
###..............##
#..l@.............#
#................##
###..............[###
#P...#.#.##..<......
##...#.####.........
#....## #.........
#.... #P.........
#...## ##.........
#.##...#..


You could see a skyshark (berserk, extremely poisoned, slow).

Vanquished Creatures
  Azrael (Orc:2)
  A two-headed ogre (D:11)
  A boulder beetle (D:11)
  6 death yaks (Lair:1)
  3 orc high priests (Orc:2)
  Urug (Lair:1)
  2 orc knights (Orc:2)
  Pikel (D:8)
  The ghost of thurberlil the Geomancer, a novice SpEE of Sif Muna (D:7)
  2 wizards (D:9)
  A deep elf pyromancer (D:9)
  An ugly thing (D:11)
  5 orc sorcerers (Orc:2)
  2 cyclopes (D:9)
  Maurice (Orc:2)
  4 gargoyles (D:8)
  A cane toad (Lair:1)
  2 kobold demonologists (D:11)
  2 komodo dragons
  A rime drake (Lair:1)
  Psyche (D:8)
  7 trolls
  A hornet (D:10)
  A polar bear (Lair:1)
  Prince Ribbit (D:6)
  Sigmund (D:2)
  A shadow (D:10)
  14 yaks
  2 wyverns
  2 vampires (D:9)
  Eustachio (D:5)
  A fire elemental (Orc:2)
  A basilisk (D:11)
  A vampire mosquito (D:11)
  Menkaure (D:5)
  4 wargs
  11 water moccasins
  5 hell hounds (Orc:2)
  14 orc warriors
  Duvessa (D:6)
  6 ice beasts
  A black bear (D:8)
  5 ogres
  7 centaurs
  4 lemures (D:8)
  A phantom (D:4)
  8 bullfrogs
  2 gnoll sergeants
  2 kobold brigands
  Blork the orc (D:4)
  2 necrophages
  4 scorpions
  12 wights (D:9)
  Dowan (D:6)
  6 killer bees (D:6)
  4 howler monkeys
  A hound (D:6)
  A centaur zombie (D:9)
  A jelly (D:6)
  16 orc priests
  A gnoll bouda (D:10)
  3 iguanas
  Terence (D:2)
  27 orc wizards
  A killer bee zombie (D:9)
  A howler monkey zombie (D:9)
  11 adders
  15 gnolls
  5 white imps
  A howler monkey simulacrum (D:7)
  An ufetubus (D:7)
  3 worms
  2 dart slugs
  54 orcs
  14 endoplasms
  17 giant cockroaches
  9 goblins
  5 hobgoblins
  14 jackals
  12 kobolds
  10 quokkas
  10 ball pythons
  2 bats (D:3)
  7 frilled lizards
  3 rats
424 creatures vanquished.

Vanquished Creatures (others)
  3 orcs
  A fungus (D:2)
  2 plants
  4 withered plants (D:9)
10 creatures vanquished.

Grand Total: 434 creatures vanquished

Notes
Turn   | Place    | Note
-------+----------+-------------------------------------------
     0 | D:1      | KennySheep the Armataur Brigand began the quest for the
                  | Orb.
     0 | D:1      | Reached XP level 1. HP: 18/18 MP: 1/1
   222 | D:1      | Found a faded altar of an unknown god.
   229 | D:1      | Prayed at the altar of an unknown god.
   229 | D:1      | Became a worshipper of Cheibriados the Contemplative
   229 | D:1      | Reached * piety under Cheibriados
   403 | D:1      | Gained mutation: You are robust. (+10% HP) [potion of
                  | mutation]
   403 | D:1      | Gained mutation: You occasionally lose the ability to read
                  | scrolls when taking damage. [potion of mutation]
   403 | D:1      | Gained mutation: You are very robust. (+20% HP) [potion of
                  | mutation]
   403 | D:1      | Gained mutation: You are extremely robust. (+30% HP)
                  | [potion of mutation]
   403 | D:1      | Gained mutation: You possess an exceptional clarity of
                  | mind. [potion of mutation]
   403 | D:1      | Gained mutation: You passively dampen the noise of your
                  | surroundings. [potion of mutation]
   406 | D:1      | Reached XP level 2. HP: 29/32 MP: 2/2
   881 | D:2      | Reached XP level 3. HP: 20/39 MP: 3/3
  1031 | D:2      | Reached ** piety under Cheibriados
  1063 | D:2      | Noticed Terence
  1071 | D:2      | Killed Terence
  1072 | D:2      | Reached skill level 1 in Invocations
  1156 | D:2      | Noticed an ogre
  1165 | D:2      | Killed an ogre
  1166 | D:2      | Reached skill level 5 in Stealth
  1166 | D:2      | Reached XP level 4. HP: 50/50 MP: 3/5
  1166 | D:2      | Reached XP level 5. HP: 57/57 MP: 3/6
  1317 | D:2      | Noticed Sigmund
  1335 | D:2      | Killed Sigmund
  1336 | D:2      | Reached XP level 6. HP: 23/69 MP: 7/7
  1708 | D:2      | Found a runed translucent door.
  1709 | D:2      | Noticed Crazy Yiuf
  1925 | D:3      | Noticed an ice beast
  1942 | D:3      | Killed an ice beast
  2209 | D:3      | HP: 1/69 [gnoll/+0 flail (3)]
  2374 | D:3      | Reached *** piety under Cheibriados
  2901 | D:4      | Noticed Blork the orc
  2906 | D:4      | Killed Blork the orc
  2907 | D:4      | Reached XP level 7. HP: 77/78 MP: 9/9
  2907 | D:4      | Found a bloodstained altar of Trog.
  3509 | D:4      | Found a hide-covered altar of Uskayaw.
  3518 | D:4      | Reached skill level 5 in Short Blades
  3644 | D:4      | You fall into a shaft and drop 1 floor!
  3644 | D:5      | Entered Level 5 of the Dungeon
  3788 | D:4      | Reached **** piety under Cheibriados
  3954 | D:4      | Found a white marble altar of Elyvilon.
  4375 | D:5      | Noticed Menkaure
  4378 | D:5      | Killed Menkaure
  4379 | D:5      | Reached XP level 8. HP: 90/90 MP: 10/10
  4754 | D:5      | Found a snail-covered altar of Cheibriados.
  4990 | D:5      | Noticed Eustachio
  5013 | D:5      | Killed Eustachio
  5014 | D:5      | Reached skill level 1 in Shields
  5232 | D:6      | Noticed Prince Ribbit
  5235 | D:6      | Killed Prince Ribbit
  5268 | D:6      | Reached skill level 5 in Invocations
  5486 | D:6      | Reached XP level 9. HP: 100/100 MP: 12/12
  5535 | D:6      | Found a glowing drain.
  5549 | Sewer    | Entered a sewer
  5605 | Sewer    | Reached ***** piety under Cheibriados
  5672 | Sewer    | Reached skill level 5 in Fighting
  5756 | Sewer    | Identified the ring of Amelioration {rPois rF+}
  5806 | D:6      | Got the Meditations on Rallying
  5842 | D:6      | Noticed Duvessa
  5842 | D:6      | Noticed Dowan
  5843 | D:6      | Killed Dowan
  5848 | D:6      | Killed Duvessa
  6135 | D:6      | Found Veolenn's Vocational Training.
  6396 | D:6      | Found an ornate altar of the Wu Jian Council.
  6722 | D:7      | Found Foggumatt's Distillery.
  6737 | D:7      | Bought a potion of invisibility for 112 gold pieces
  6737 | D:7      | Bought a potion of flight for 42 gold pieces
  6737 | D:7      | Bought a potion of berserk rage for 70 gold pieces
  6758 | D:7      | Found a staircase to the Ecumenical Temple.
  6777 | D:7      | Found a runed translucent gate.
  6777 | D:7      | Found a runed translucent gate.
  6778 | D:7      | Found a runed translucent gate.
  6809 | D:7      | Noticed thurberlil's ghost (novice SpEE)
  6883 | D:7      | Killed thurberlil's ghost
  6884 | D:7      | Reached XP level 10. HP: 49/113 MP: 15/15
  6885 | D:7      | Got the ring "Cidduete" {Fire rElec Str+5 Int-5 Dex+3}
  7867 | D:8      | Reached skill level 5 in Shields
  8217 | D:8      | Noticed Psyche
  8220 | D:8      | Killed Psyche
  8260 | D:8      | Noticed Pikel
  8264 | D:8      | Killed Pikel
  8495 | D:8      | Noticed a gargoyle
  8497 | D:8      | Killed a gargoyle
  8503 | D:8      | Noticed a gargoyle
  8524 | D:8      | Killed a gargoyle
  8853 | D:8      | Noticed a gargoyle
  8854 | D:8      | Killed a gargoyle
  8858 | D:8      | Noticed a gargoyle
  8859 | D:8      | Killed a gargoyle
  9074 | D:9      | Noticed a wizard
  9090 | D:9      | Killed a wizard
  9091 | D:9      | Reached XP level 11. HP: 104/124 MP: 12/17
  9121 | D:9      | Noticed a wizard
  9197 | D:9      | Found the +8 trishula "Condemnation" {holy, anguish, *Noise
                  | Fly rN+}
  9216 | D:9      | Killed a wizard
  9371 | D:9      | Found a sparkling altar of Nemelex Xobeh.
  9752 | D:9      | Noticed a deep elf pyromancer
  9782 | D:9      | Killed a deep elf pyromancer
  9783 | D:9      | Reached skill level 10 in Stealth
 10030 | D:9      | Found the +3 pair of seven-league boots {Rampage+∞}
 10252 | D:9      | Found a staircase to the Lair.
 11084 | D:10     | Entered Level 10 of the Dungeon
 11090 | D:10     | Found a transporter.
 11111 | D:10     | Reached skill level 10 in Invocations
 11131 | D:10     | Found a transporter.
 11152 | D:10     | Found a transporter.
 11152 | D:10     | Found a transporter.
 11203 | D:10     | Found a glowing golden altar of the Shining One.
 11225 | D:10     | Found a transporter.
 11229 | D:10     | Found a transporter.
 11268 | D:10     | Found a shimmering blue altar of Sif Muna.
 11340 | D:10     | Paralysed by a hornet for 1 turns
 12187 | D:11     | Found a burning altar of Makhleb.
 12304 | D:11     | Noticed a two-headed ogre
 12319 | D:11     | Killed a two-headed ogre
 12438 | D:11     | Noticed a white ugly thing
 12464 | D:11     | Killed a white ugly thing
 12645 | D:11     | Found a staircase to the Orcish Mines.
 12665 | D:11     | Reached XP level 12. HP: 125/138 MP: 20/20
 12776 | D:11     | Noticed a boulder beetle
 12821 | D:11     | Killed a boulder beetle
 13145 | Orc:1    | Entered Level 1 of the Orcish Mines
 13543 | Orc:2    | Entered Level 2 of the Orcish Mines
 13586 | Orc:2    | Noticed Maurice
 13590 | Orc:2    | Killed Maurice
 13604 | Orc:2    | Found a shimmering altar of Xom.
 13677 | Orc:2    | Noticed Azrael
 13717 | Orc:2    | Killed Azrael
 14120 | Orc:2    | Noticed an orc high priest
 14136 | Orc:2    | Killed an orc high priest
 14227 | Orc:2    | Found a staircase to the Elven Halls.
 15050 | Orc:2    | Noticed an orc high priest
 15050 | Orc:2    | Noticed an orc high priest
 15050 | Orc:2    | Paralysed by an orc sorcerer for 2 turns
 15052 | Orc:2    | Noticed an orc high priest
 15663 | Orc:2    | Killed an orc high priest
 15671 | Orc:2    | Killed an orc high priest
 16130 | Lair:1   | Entered Level 1 of the Lair of Beasts
 16132 | Lair:1   | Noticed Urug
 16136 | Lair:1   | Killed Urug
 16409 | Lair:1   | Reached XP level 13. HP: 150/150 MP: 22/22
 16413 | Lair:1   | Found the +8 whip "Snakebite" {venom, curare, rPois}
 16630 | Lair:1   | HP: 3/152 [death yak (11)]
 16778 | Lair:1   | Found a hide-covered altar of Uskayaw.
 16990 | Lair:1   | Reached skill level 1 in Long Blades
 17487 | Lair:2   | HP: 7/152 [skyshark (19)]
 17488 | Lair:2   | HP: 2/152 [skyshark (6)]
 17489 | Lair:2   | Slain by a skyshark

Illustrated notes

Levels and vault maps discovered:
D:1:      evilmike_arrival_crescent, layout_basic, basic_ecumenical_altar
D:2:      layout_loops_ring, minmay_misc_feat_pillars, uniq_terence,
          uniq_crazy_yiuf_cottage, uniq_sigmund
D:3:      layout_basic
D:4:      layout_basic, elyvilon_altar_4, mainiacjoe_overflow_catwalk,
          nicolae_uskayaw_dance_hall, nicolae_concentric_dashed_squares_mild,
          uniq_blork_the_orc
D:5:      layout_gridville, kennysheep_slug_shrine, uniq_eustachio,
          uniq_menkaure
D:6:      layout_loops_ring, nzn_wu_jian_contemplation,
          cheibrodos_sewer_entry_bend, nicolae_shop_vocational,
          uniq_prince_ribbit1, uniq_duvessa
D:7:      layout_loops_cross, minmay_temple_entry_statues_pillars, serial_shops,
          nicolae_shop_advertising_works [nicolae_subvault_shop_adworks],
          gammafunk_ghost_icy
D:8:      cheibrodos_statue_roulette, layout_loops_ring, uniq_pikel, uniq_psyche
D:9:      minmay_cut_squares, layout_loops_cross,
          nemelex_xobeh_ov_fountains_minmay, erik_lair_orcish_takeover,
          serial_undead, serial_undead_e, serial_undead_d, serial_undead_b,
          serial_undead_c
D:10:     layout_basic, tgw_sif, tso_metal_star, grunt_ministairs_4,
          serial_nicolae_subway, nicolae_sub_station_stone,
          nicolae_sub_station_metal, nicolae_sub_station_crystal
D:11:     layout_irregular_city, orc_0_dummy,
          minmay_the_grid_square_5x5_3x3_mashed
          [minmay_the_grid_square_5x5_eight_small,
          minmay_the_grid_square_5x5_corner,
          minmay_the_grid_square_5x5_two_walls_b,
          minmay_the_grid_square_5x5_detours,
          minmay_the_grid_square_5x5_megaprize_hollow,
          minmay_the_grid_square_5x5_comb,
          minmay_the_grid_square_5x5_inverted_slash,
          minmay_the_grid_square_5x5_shrine1, minmay_the_grid_square_5x5_plus],
          uniq_sonja
Lair:1:   minmay_guarded_unrand_snakebite, layout_cave_pods, basic_altar,
          serial_bayou_shore_b, lemuel_fruit_fields, uniq_urug
Lair:2:   layout_chaotic_city, minmay_shoals_entry_lonely_mermaid, minivault_27,
          kennysheep_abandoned_house
Orc:1:    layout_caves, basic_altar
Orc:2:    grunt_orc_tribal_feast, layout_caves, basic_altar, mines1_david,
          uniq_azrael, uniq_maurice

Skill      XL: |  1  2  3  4  5  6  7  8  9 10 11 12 13 |
---------------+----------------------------------------+-----
Short Blades   | 2 3 4 5 6 7 8 9 |  9.9
Fighting       | 2 3 4 5 6 7 8 9 |  9.1
Invocations    | 1 2 3 5 7 9 10 12 | 12.6
Stealth        | 5 6 7 8 9 10 12 | 12.3
Shields        | 2 4 6 7 8 9 |  9.3
Long Blades    | 1 |  1.7
Throwing       | |  1.7
Dodging        | |  0.6
Evocations     | |  0.7

Action                     |  1- 3 |  4- 6 |  7- 9 | 10-12 | 13-15 || total
---------------------------+-------+-------+-------+-------+-------++-------
  Melee: Dagger            |    93 |   114 |   293 |   147 |    26 ||   673
         Tailslap          |    11 |    13 |    59 |   207 |    30 ||   320
         Punch             |       |       |     2 |       |       ||     2
         Short sword       |       |       |   105 |   877 |       ||   982
         Unarmed           |       |       |       |    10 |       ||    10
         Double sword      |       |       |       |    16 |    95 ||   111
  Throw: Dart              |     9 |     6 |     3 |    14 |       ||    32
 Invoke: Slouch            |       |       |     2 |    16 |     1 ||    19
         Bend Time         |       |       |       |     7 |     3 ||    10
    Use: Potion            |     2 |     2 |     3 |     8 |     2 ||    17
         Scroll            |     1 |     8 |     2 |     4 |     2 ||    17
   Stab: Sleeping          |     5 |    11 |    62 |    24 |     6 ||   108
         Distracted        |       |     2 |     1 |     4 |       ||     7
         Invisible         |       |       |     2 |       |       ||     2
 Armour: Robe              |    49 |    30 |    86 |    57 |       ||   222
         Skin              |       |       |       |     4 |       ||     4
         Troll leather arm |       |       |       |   129 |    31 ||   160
  Dodge: Dodged            |    47 |    32 |   113 |   224 |    41 ||   457
  Block: Buckler           |       |       |    35 |   320 |    72 ||   427
         Reflection        |       |       |       |    11 |       ||    11

Table legend: (Time is in decaauts)
 A = Elapsed time spent in this place.
 B = Non-inter-level travel time spent in this place.
 C = Inter-level travel time spent in this place.
 D = Time resting spent in this place.
 E = Time spent auto-exploring this place.
 F = Levels seen in this place.
 G = Mean time per level.
                   A        B        C        D        E       F      G
               +--------+--------+--------+--------+--------+-----+--------+
         Total |  23460 |  22297 |   1163 |   3911 |  13646 |  16 | 1466.2 |
       Dungeon |  17669 |  16694 |    975 |   2354 |  11282 |  11 | 1606.3 |
          Lair |   1953 |   1908 |     45 |    258 |   1193 |   2 |  976.5 |
  Orcish Mines |   3513 |   3370 |    143 |   1297 |   1121 |   2 | 1756.5 |
         Sewer |    324 |    324 |      0 |      0 |     48 |   1 |  324.0 |
               +--------+--------+--------+--------+--------+-----+--------+

Top non-repeatable levels by time:
   Orc:2: 2928 daAuts
     D:9: 2603 daAuts
     D:4: 1984 daAuts
     D:8: 1974 daAuts
  Lair:1: 1914 daAuts
     D:6: 1867 daAuts
    D:10: 1575 daAuts
     D:7: 1553 daAuts
     D:3: 1489 daAuts
     D:2: 1308 daAuts
     D:5: 1223 daAuts
    D:11: 1146 daAuts
     D:1: 942 daAuts
   Orc:1: 584 daAuts
   Sewer: 324 daAuts
